APP
HELENA BREWERS @ KINGSPORT METS
10/24/2049
 
TOP OF THE 1ST
Billings Mustangs batting - Pitching for Kingsport Mets : LHP Yoshitomo Arai
Pitching: LHP Yoshitomo Arai
Batting: LHB Johan de Vries 0-0: Ball
1-0: Ball
2-0: Foul Ball, location: 2F
2-1: Ball
3-1: Foul Ball, location: 2F
3-2: Strikes out swinging
Batting: RHB Bastiaan Clark 0-0: Ball
1-0: Ball
2-0: Foul Ball, location: 2F
2-1: Ball
3-1: DOUBLE (Groundball, 5L, EV 103.1 MPH)
Batting: RHB Sal Chavira 0-0: Called Strike
0-1: Ball
1-1: Swinging Strike
1-2: Ball
2-2: Ball
3-2: Strikes out looking
Batting: RHB Brent Moody 0-0: Foul Ball, location: 2F
0-1: Ball
1-1: Ball
2-1: Foul Ball, location: 2F
2-2: Ground out 4-3 (Groundball, 4, EV 86.9 MPH)
Top of the 1st over - 0 runs, 1 hit, 0 errors, 1 left on base; Billings 0 - Kingsport 0
BOTTOM OF THE 1ST
Kingsport Mets batting - Pitching for Billings Mustangs : RHP Abel Cerejeira
Pitching: RHP Abel Cerejeira
Batting: RHB Antonio Cacheiro 0-0: Ball
1-0: SINGLE (Line Drive, 5D, EV 102.5 MPH)
Batting: RHB Ricky Rivera 0-0: Ball
1-0: Ball
2-0: Called Strike
2-1: Swinging Strike
2-2: Strikes out swinging
Batting: RHB Roger Abrego 0-0: Called Strike
0-1: Swinging Strike
0-2: Ball
1-2: Ball
Antonio Cacheiro is caught stealing 2nd base 2-4
2-2: Ball
3-2: Foul Ball, location: 2F
3-2: Ground out 5-3 (Groundball, 5, EV 83.8 MPH)
Bottom of the 1st over - 0 runs, 1 hit, 0 errors, 0 left on base; Billings 0 - Kingsport 0
TOP OF THE 2ND
Billings Mustangs batting - Pitching for Kingsport Mets : LHP Yoshitomo Arai
Batting: RHB Mark MacLeod 0-0: Ball
1-0: Ball
2-0: Foul Ball, location: 2F
2-1: Fly out, F9 (Flyball, 89S, EV 80.0 MPH)
Batting: LHB Jason Fuchs 0-0: Called Strike
0-1: Ball
1-1: Ground out 5-3 (Groundball, 5, EV 84.4 MPH)
Batting: RHB Jorge Olmos 0-0: Called Strike
0-1: Ball
1-1: Ball
2-1: DOUBLE (Line Drive, 3D, EV 96.3 MPH)
Batting: LHB Luis Pena 0-0: Fly out, F9 (Flyball, 89M, EV 85.0 MPH)
Top of the 2nd over - 0 runs, 1 hit, 0 errors, 1 left on base; Billings 0 - Kingsport 0
BOTTOM OF THE 2ND
Kingsport Mets batting - Pitching for Billings Mustangs : RHP Abel Cerejeira
Batting: LHB Edwin Aguilar 0-0: Ball
1-0: Called Strike
1-1: Ball
2-1: Swinging Strike
2-2: TRIPLE (Line Drive, 7LD, EV 107.5 MPH)
Batting: SHB Jacob Dobrosky 0-0: Ball
1-0: Ball
Wild Pitch!
Edwin Aguilar scores
2-0: Foul Ball, location: 2F
2-1: Ball
3-1: Foul Ball, location: 2F
3-2: Base on Balls
Batting: RHB Roberto Luis 0-0: Called Strike
0-1: Ball
1-1: Foul Ball, location: 2F
1-2: Strikes out swinging
Batting: RHB Juan Padilla 0-0: Called Strike
0-1: Ball
1-1: Swinging Strike
1-2: SINGLE (Groundball, 56D, EV 103.1 MPH)
Jacob Dobrosky to second
Batting: SHB Scott Scott 0-0: SINGLE (Line Drive, 56D, EV 101.9 MPH)
Jacob Dobrosky to third
Juan Padilla to second
Batting: LHB Yoshitomo Arai 0-0: Called Strike
0-1: Ball
1-1: Ball
2-1: SINGLE (Groundball, 6M, EV 93.8 MPH) (infield hit)
Jacob Dobrosky scores
Juan Padilla to third
Scott Scott to second
Batting: RHB Antonio Cacheiro 0-0: Ball
1-0: Called Strike
1-1: Fielders Choice at 2nd, 6-4 (Groundball, 56D, EV 93.1 MPH)
Juan Padilla scores
Scott Scott to third
Batting: RHB Ricky Rivera 0-0: Called Strike
Antonio Cacheiro steals 2nd base (no throw)
0-1: Ball
1-1: Foul Ball, location: 2F
1-2: Strikes out swinging
Bottom of the 2nd over - 3 runs, 4 hits, 0 errors, 2 left on base; Billings 0 - Kingsport 3
TOP OF THE 3RD
Billings Mustangs batting - Pitching for Kingsport Mets : LHP Yoshitomo Arai
Batting: RHB Abel Cerejeira 0-0: Called Strike
0-1: Swinging Strike
0-2: Ball
1-2: Ball
2-2: Strikes out swinging
Batting: LHB Johan de Vries 0-0: Ball
1-0: Ball
2-0: DOUBLE (Line Drive, 9LM, EV 112.5 MPH)
Batting: RHB Bastiaan Clark 0-0: Foul Ball, location: 2F
0-1: Ball
1-1: Ball
Passed Ball!
Johan de Vries to third
2-1: Ball
3-1: SINGLE (Groundball, 56D, EV 100.0 MPH)
Johan de Vries scores
Batting: RHB Sal Chavira 0-0: Fly out, F4 (Popup, 4MD, EV 53.1 MPH)
Batting: RHB Brent Moody 0-0: Called Strike
0-1: Ball
1-1: Called Strike
1-2: SINGLE (Line Drive, 3D, EV 103.1 MPH)
Bastiaan Clark to second
Batting: RHB Mark MacLeod 0-0: Swinging Strike
0-1: Ball
1-1: Fielders Choice at 2nd, 6-4 (Groundball, 6, EV 77.5 MPH)
Top of the 3rd over - 1 run, 3 hits, 0 errors, 2 left on base; Billings 1 - Kingsport 3
BOTTOM OF THE 3RD
Kingsport Mets batting - Pitching for Billings Mustangs : RHP Abel Cerejeira
Batting: RHB Roger Abrego 0-0: Swinging Strike
0-1: Called Strike
0-2: Ball
1-2: SINGLE (Groundball, 56D, EV 100.0 MPH)
Batting: LHB Edwin Aguilar 0-0: Foul Ball, location: 2F
0-1: Ball
1-1: Called Strike
1-2: Fly out, F9 (Flyball, 9, EV 90.0 MPH)
Batting: SHB Jacob Dobrosky 0-0: Ball
1-0: Called Strike
1-1: Ball
2-1: Ball
3-1: Foul Ball, location: 2F
3-2: Strikes out swinging
Batting: RHB Roberto Luis 0-0: Called Strike
0-1: Called Strike
0-2: Ball
1-2: Foul Ball, location: 2F
1-2: Strikes out swinging
Bottom of the 3rd over - 0 runs, 1 hit, 0 errors, 1 left on base; Billings 1 - Kingsport 3
TOP OF THE 4TH
Billings Mustangs batting - Pitching for Kingsport Mets : LHP Yoshitomo Arai
Batting: LHB Jason Fuchs 0-0: Ball
1-0: Ground out 1-3 (Groundball, 15S, EV 71.9 MPH)
Batting: RHB Jorge Olmos 0-0: Ball
1-0: Swinging Strike
1-1: Ball
2-1: SINGLE (Groundball, 6D, EV 100.0 MPH)
Batting: LHB Luis Pena 0-0: Foul Ball, location: 2F
0-1: Grounds into double play, 1-6-3 (Groundball, P, EV 87.5 MPH)
Top of the 4th over - 0 runs, 1 hit, 0 errors, 0 left on base; Billings 1 - Kingsport 3
BOTTOM OF THE 4TH
Kingsport Mets batting - Pitching for Billings Mustangs : RHP Abel Cerejeira
Batting: RHB Juan Padilla 0-0: Ball
1-0: Ball
2-0: Foul Ball, location: 2F
2-1: Called Strike
2-2: Foul Ball, location: 2F
2-2: Strikes out swinging
Batting: SHB Scott Scott 0-0: Ball
1-0: Foul Ball, location: 2F
1-1: Ball
2-1: Foul Ball, location: 2F
2-2: Ball
3-2: Ground out 4-3 (Groundball, 4, EV 109.4 MPH)
Batting: LHB Yoshitomo Arai 0-0: Ground out 4-3 (Groundball, 4, EV 81.3 MPH)
Bottom of the 4th over - 0 runs, 0 hits, 0 errors, 0 left on base; Billings 1 - Kingsport 3
TOP OF THE 5TH
Billings Mustangs batting - Pitching for Kingsport Mets : LHP Yoshitomo Arai
Batting: RHB Abel Cerejeira 0-0: Ball
1-0: Ball
2-0: Ground out 6-3 (Groundball, 6, EV 82.5 MPH)
Batting: LHB Johan de Vries 0-0: Ball
1-0: Foul Ball, location: 2F
1-1: Ball
2-1: SOLO HOME RUN (Flyball, 9LD, EV 93.8 MPH), Distance : 346 ft
Batting: RHB Bastiaan Clark 0-0: DOUBLE (Line Drive, 78D, EV 113.8 MPH)
Batting: RHB Sal Chavira 0-0: Ball
1-0: Swinging Strike
1-1: Swinging Strike
1-2: Ball
2-2: Foul Ball, location: 2F
2-2: Strikes out swinging
Batting: RHB Brent Moody 0-0: Ball
1-0: Foul Ball, location: 2F
1-1: Ball
2-1: Called Strike
2-2: Ball
3-2: Base on Balls
Batting: RHB Mark MacLeod 0-0: Ball
1-0: Foul Ball, location: 2F
1-1: Ground out 1-3 (Groundball, 23, EV 71.9 MPH)
Top of the 5th over - 1 run, 2 hits, 0 errors, 2 left on base; Billings 2 - Kingsport 3
BOTTOM OF THE 5TH
Kingsport Mets batting - Pitching for Billings Mustangs : RHP Abel Cerejeira
Batting: RHB Antonio Cacheiro 0-0: Ball
1-0: Reached on error, E1 (Groundball, 13, EV 70.0 MPH)
Batting: RHB Ricky Rivera 0-0: Ball
1-0: Ground out 5-3 (Groundball, 5L, EV 102.5 MPH)
Batting: RHB Roger Abrego 0-0: Ball
1-0: Foul Ball, location: 2F
1-1: Ball
2-1: Foul Ball, location: 2F
2-2: Ball
3-2: SINGLE (Line Drive, 9S, EV 90.0 MPH)
Antonio Cacheiro to third
Batting: LHB Edwin Aguilar 0-0: Called Strike
0-1: Ball
1-1: Foul Ball, location: 2F
1-2: Fielders Choice at 2nd, 4-6 (Groundball, 34, EV 79.4 MPH)
Antonio Cacheiro scores
Batting: SHB Jacob Dobrosky 0-0: Ball
1-0: Ball
Edwin Aguilar is caught stealing 2nd base 2-6
Bottom of the 5th over - 1 run, 1 hit, 1 error, 0 left on base; Billings 2 - Kingsport 4
TOP OF THE 6TH
Billings Mustangs batting - Pitching for Kingsport Mets : LHP Yoshitomo Arai
Batting: LHB Jason Fuchs 0-0: Swinging Strike
0-1: SINGLE (Groundball, 15S, EV 69.4 MPH) (infield hit)
Batting: RHB Jorge Olmos 0-0: Ball
1-0: Ball
2-0: Ball
3-0: Called Strike
3-1: Swinging Strike
3-2: SINGLE (Groundball, 6MS, EV 91.3 MPH) (infield hit)
Jason Fuchs to second
Pitching: LHP Mike Campos
Batting: LHB Luis Pena 0-0: Ball
1-0: Grounds into double play, 4-6-3 (Groundball, 4, EV 85.6 MPH)
Jason Fuchs to third
Batting: RHB Abel Cerejeira 0-0: Called Strike
0-1: Fly out, F8 (Line Drive, 8RM, EV 98.1 MPH)
Top of the 6th over - 0 runs, 2 hits, 0 errors, 1 left on base; Billings 2 - Kingsport 4
BOTTOM OF THE 6TH
Kingsport Mets batting - Pitching for Billings Mustangs : RHP Abel Cerejeira
Batting: SHB Jacob Dobrosky 0-0: Swinging Strike
0-1: Ball
1-1: Foul Ball, location: 2F
1-2: Fly out, F8 (Flyball, 8LXD, EV 104.4 MPH)
Batting: RHB Roberto Luis 0-0: Swinging Strike
0-1: Foul Ball, location: 2F
0-2: Strikes out swinging
Batting: RHB Juan Padilla 0-0: Ball
1-0: Called Strike
1-1: Ground out 4-3 (Groundball, 4, EV 102.5 MPH)
Bottom of the 6th over - 0 runs, 0 hits, 0 errors, 0 left on base; Billings 2 - Kingsport 4
TOP OF THE 7TH
Billings Mustangs batting - Pitching for Kingsport Mets : LHP Mike Campos
Batting: LHB Johan de Vries 0-0: Ball
1-0: Swinging Strike
1-1: Ball
2-1: Ground out 3-1 (Groundball, 34, EV 76.9 MPH)
Batting: RHB Bastiaan Clark 0-0: Ball
1-0: Ball
2-0: Swinging Strike
2-1: Swinging Strike
2-2: Ball
3-2: Foul Ball, location: 2F
3-2: Strikes out swinging
Batting: RHB Sal Chavira 0-0: Ball
1-0: Foul Ball, location: 2F
1-1: Foul Ball, location: 2F
1-2: Ground out 5-3 (Groundball, 56, EV 81.9 MPH)
Top of the 7th over - 0 runs, 0 hits, 0 errors, 0 left on base; Billings 2 - Kingsport 4
BOTTOM OF THE 7TH
Kingsport Mets batting - Pitching for Billings Mustangs : RHP Abel Cerejeira
Batting: SHB Scott Scott 0-0: Fly out, F8 (Line Drive, 8RM, EV 111.9 MPH)
Pinch Hitting: RHB Dawud bin Kaseeb 0-0: Foul Ball, location: 2F
0-1: Swinging Strike
0-2: Ball
1-2: Ball
2-2: Strikes out swinging
Batting: RHB Antonio Cacheiro 0-0: Ball
1-0: Ground out 5-3 (Groundball, 5S, EV 81.9 MPH)
Bottom of the 7th over - 0 runs, 0 hits, 0 errors, 0 left on base; Billings 2 - Kingsport 4
TOP OF THE 8TH
Billings Mustangs batting - Pitching for Kingsport Mets : LHP Mike Campos
Pitching: RHP Kent Foster
Batting: RHB Brent Moody 0-0: Called Strike
0-1: Ball
1-1: Fly out, F6 (Line Drive, 6, EV 67.5 MPH)
Batting: RHB Mark MacLeod 0-0: Called Strike
0-1: Foul Ball, location: 2F
0-2: Ball
1-2: SINGLE (Flyball, 9LM, EV 92.5 MPH)
Batting: LHB Jason Fuchs 0-0: Ball
1-0: Foul Ball, location: 2F
1-1: Swinging Strike
1-2: Strikes out swinging
Batting: RHB Jorge Olmos 0-0: Ball
Wild Pitch!
Mark MacLeod to second
1-0: Called Strike
1-1: Ball
2-1: Called Strike
2-2: Ball
3-2: Foul Ball, location: 2F
3-2: Foul Ball, location: 2F
3-2: Base on Balls
Pinch Hitting: RHB Danny Ruiz 0-0: Foul Ball, location: 2F
0-1: Foul Ball, location: 2F
0-2: Fielders Choice at 2nd, 6-4 (Groundball, 6, EV 75.6 MPH)
Top of the 8th over - 0 runs, 1 hit, 0 errors, 2 left on base; Billings 2 - Kingsport 4
BOTTOM OF THE 8TH
Kingsport Mets batting - Pitching for Billings Mustangs : RHP Abel Cerejeira
Now in RF: Corey Bleier
Batting: RHB Ricky Rivera 0-0: Called Strike
0-1: Swinging Strike
0-2: Strikes out swinging
Batting: RHB Roger Abrego 0-0: Called Strike
0-1: Ball
1-1: Swinging Strike
1-2: Strikes out swinging
Batting: LHB Edwin Aguilar 0-0: Foul Ball, location: 2F
0-1: Ball
1-1: Fly out, F7 (Flyball, 7S, EV 96.9 MPH)
Bottom of the 8th over - 0 runs, 0 hits, 0 errors, 0 left on base; Billings 2 - Kingsport 4
TOP OF THE 9TH
Billings Mustangs batting - Pitching for Kingsport Mets : RHP Kent Foster
Pitching: RHP Mark Wages
Pinch Hitting: RHB Ivan Cervantes 0-0: Foul Ball, location: 2F
0-1: Fly out, F8 (Flyball, 89M, EV 81.3 MPH)
Batting: LHB Johan de Vries 0-0: Ball
1-0: Called Strike
1-1: Ball
2-1: SOLO HOME RUN (Flyball, 89XD, EV 92.5 MPH), Distance : 422 ft
Batting: RHB Bastiaan Clark 0-0: Called Strike
0-1: Ball
1-1: Called Strike
1-2: Foul Ball, location: 2F
1-2: Ball
2-2: Strikes out swinging
Batting: RHB Sal Chavira 0-0: Foul Ball, location: 2F
0-1: Foul Ball, location: 2F
0-2: Strikes out swinging
Top of the 9th over - 1 run, 1 hit, 0 errors, 0 left on base; Billings 3 - Kingsport 4
Sunday, July 16th , 2023 - OOTP Baseball 24.6 Build 69